A+ WEST
TRI-CITY DUST DEVILS @ HILLSBORO HOPS
05/10/2042
 
TOP OF THE 1ST
Tri-City Dust Devils batting - Pitching for Hillsboro Hops : RHP Ed Baldwin
Pitching: RHP Ed Baldwin
Batting: RHB Augusto Serna 0-0: Ball
1-0: Foul Ball, location: 23FF
1-1: Ball
2-1: Ball
3-1: Bunt for hit to 23 - play at first, batter safe!
Batting: RHB Ángelo Hernández 0-0: Ball
Augusto Serna steals 2nd base
1-0: Fly out, F9 (Flyball, 9, EV 92.5 MPH)
Batting: RHB Bill Swerdlow 0-0: Ball
1-0: Swinging Strike
1-1: Ball
2-1: Swinging Strike
2-2: Foul Ball, location: 2F
2-2: Strikes out swinging
Batting: RHB Jorge Gonzáles 0-0: Ball
1-0: Foul Ball, location: 7LMFF
1-1: Foul Ball, location: 9LSF
1-2: Foul Ball, location: 2F
1-2: Ball
2-2: Ball
3-2: SINGLE (Groundball, 6MD, EV 95.0 MPH)
Augusto Serna to third
Runner from 3rd tries for Home, SAFE, throw by CF to home
Batting: RHB Andy Branch 0-0: Swinging Strike
0-1: Called Strike
0-2: Strikes out swinging
Top of the 1st over - 1 run, 2 hits, 0 errors, 1 left on base; Tri-City 1 - Hillsboro 0
BOTTOM OF THE 1ST
Hillsboro Hops batting - Pitching for Tri-City Dust Devils : RHP Luis Palácios
Pitching: RHP Luis Palácios
Batting: RHB Rod Stephens 0-0: Called Strike
0-1: Swinging Strike
0-2: DOUBLE (Flyball, 89D, EV 91.9 MPH)
Batting: LHB Jorge Pérez 0-0: Called Strike
0-1: Foul Ball, location: 7LDF
0-2: Foul Ball, location: 2F
0-2: Strikes out swinging
Batting: RHB Héctor González 0-0: Ball
1-0: 2-RUN HOME RUN (Flyball, 7LD, EV 96.9 MPH), Distance : 353 ft
Batting: LHB Dan Stone 0-0: Fly out, F9 (Flyball, 89M, EV 84.4 MPH)
Batting: LHB Eric Merritt 0-0: Called Strike
0-1: Ball
1-1: Called Strike
1-2: Ball
2-2: Strikes out looking
Bottom of the 1st over - 2 runs, 2 hits, 0 errors, 0 left on base; Tri-City 1 - Hillsboro 2
TOP OF THE 2ND
Tri-City Dust Devils batting - Pitching for Hillsboro Hops : RHP Ed Baldwin
Batting: LHB David Pérez 0-0: Called Strike
0-1: Ball
1-1: Called Strike
1-2: Foul Ball, location: 23F
1-2: Ball
2-2: Foul Ball, location: 23F
2-2: Ball
3-2: Base on Balls
Batting: RHB Sergio Jiménez 0-0: Called Strike
0-1: Sac Bunt to 13 - play at first, batter OUT! 1-3
David Pérez to second
Batting: RHB Luis Jiménez 0-0: Ball
1-0: SINGLE (Line Drive, 89S, EV 94.4 MPH)
David Pérez to third
Batting: RHB Gene Bryant 0-0: Called Strike
0-1: Grounds into double play, 6-4-3 (Groundball, 6, EV 107.5 MPH)
Top of the 2nd over - 0 runs, 1 hit, 0 errors, 1 left on base; Tri-City 1 - Hillsboro 2
BOTTOM OF THE 2ND
Hillsboro Hops batting - Pitching for Tri-City Dust Devils : RHP Luis Palácios
Batting: SHB José Alarcon 0-0: SINGLE (Line Drive, 34D, EV 98.1 MPH)
Batting: RHB Gus Moore 0-0: Foul Ball, location: 2F
0-1: Ground out 4-3 (Groundball, 34, EV 99.4 MPH)
José Alarcon to second
Batting: RHB Vern Humphrey 0-0: Called Strike
0-1: Fly out, F8 (Line Drive, 8RD, EV 104.4 MPH)
Batting: RHB José Elrayes 0-0: Ball
1-0: Ball
2-0: Foul Ball, location: 2F
2-1: Foul Ball, location: 5FF
2-2: Ground out 4-3 (Groundball, 4, EV 97.5 MPH)
Bottom of the 2nd over - 0 runs, 1 hit, 0 errors, 1 left on base; Tri-City 1 - Hillsboro 2
TOP OF THE 3RD
Tri-City Dust Devils batting - Pitching for Hillsboro Hops : RHP Ed Baldwin
Batting: RHB Augusto Serna 0-0: Called Strike
0-1: Foul Ball, location: 3F
0-2: Ball
1-2: Ground out 4-3 (Groundball, 4, EV 85.0 MPH)
Batting: RHB Ángelo Hernández 0-0: Ball
1-0: Foul Ball, location: 2F
1-1: Ball
2-1: DOUBLE (Line Drive, 8RD, EV 106.3 MPH)
Batting: RHB Bill Swerdlow 0-0: Ball
1-0: Ball
2-0: Foul Ball, location: 2F
2-1: Ball
3-1: Called Strike
3-2: Base on Balls
Batting: RHB Jorge Gonzáles 0-0: Called Strike
0-1: Called Strike
0-2: Ball
1-2: Foul Ball, location: 2LF
1-2: Ball
2-2: Strikes out swinging
Batting: RHB Andy Branch 0-0: Called Strike
0-1: Ball
1-1: Foul Ball, location: 3FF
1-2: Ball
2-2: Foul Ball, location: 9LDF
2-2: DOUBLE (Line Drive, 9LS, EV 105.6 MPH)
Ángelo Hernández scores
Bill Swerdlow to third
Runner from 3rd tries for Home, SAFE, no throw by RF
Batting: LHB David Pérez 0-0: Called Strike
0-1: Ball
1-1: Ball
2-1: SINGLE (Line Drive, 56D, EV 100.0 MPH)
Andy Branch to third
Runner from 3rd tries for Home, SAFE, throw by LF to home
Batting: RHB Sergio Jiménez 0-0: Called Strike
0-1: Ball
1-1: Called Strike
1-2: Strikes out swinging
Top of the 3rd over - 3 runs, 3 hits, 0 errors, 1 left on base; Tri-City 4 - Hillsboro 2
BOTTOM OF THE 3RD
Hillsboro Hops batting - Pitching for Tri-City Dust Devils : RHP Luis Palácios
Batting: RHB Rod Stephens 0-0: Ball
1-0: Foul Ball, location: 5SF
1-1: Fly out, F8 (Flyball, 8RD, EV 103.8 MPH)
Batting: LHB Jorge Pérez 0-0: Fly out, F9 (Flyball, 89D, EV 107.5 MPH)
Batting: RHB Héctor González 0-0: Called Strike
0-1: Ball
1-1: Fly out, F8 (Flyball, 8RD, EV 105.0 MPH)
Bottom of the 3rd over - 0 runs, 0 hits, 0 errors, 0 left on base; Tri-City 4 - Hillsboro 2
TOP OF THE 4TH
Tri-City Dust Devils batting - Pitching for Hillsboro Hops : RHP Ed Baldwin
Batting: RHB Luis Jiménez 0-0: Foul Ball, location: 25F
0-1: Ball
1-1: Called Strike
1-2: Ball
2-2: Strikes out looking
Batting: RHB Gene Bryant 0-0: DOUBLE (Flyball, 8LD, EV 96.3 MPH)
Batting: RHB Augusto Serna 0-0: Ball
1-0: Ball
2-0: Swinging Strike
2-1: Called Strike
2-2: Strikes out swinging
Batting: RHB Ángelo Hernández 0-0: Called Strike
0-1: Fly out, F8 (Flyball, 78M, EV 91.9 MPH)
Top of the 4th over - 0 runs, 1 hit, 0 errors, 1 left on base; Tri-City 4 - Hillsboro 2
BOTTOM OF THE 4TH
Hillsboro Hops batting - Pitching for Tri-City Dust Devils : RHP Luis Palácios
Batting: LHB Dan Stone 0-0: Called Strike
0-1: Ball
1-1: Foul Ball, location: 7LDF
1-2: Foul Ball, location: 7LDF
1-2: Ball
2-2: Ball
3-2: Base on Balls
Batting: LHB Eric Merritt 0-0: Ball
1-0: Ball
2-0: Called Strike
2-1: Called Strike
2-2: Ball
3-2: Strikes out looking
Dan Stone steals 2nd base
Batter strikes out.
Batting: SHB José Alarcon 0-0: Foul Ball, location: 2F
0-1: Swinging Strike
0-2: Ball
1-2: Ball
2-2: Fly out, F9 (Flyball, 89S, EV 88.1 MPH)
Batting: RHB Gus Moore 0-0: Called Strike
0-1: Foul Ball, location: 2F
0-2: Ball
1-2: Strikes out swinging
Bottom of the 4th over - 0 runs, 0 hits, 0 errors, 1 left on base; Tri-City 4 - Hillsboro 2
TOP OF THE 5TH
Tri-City Dust Devils batting - Pitching for Hillsboro Hops : RHP Ed Baldwin
Batting: RHB Bill Swerdlow 0-0: Called Strike
0-1: Fly out, F3 (Popup, 3S, EV 78.8 MPH)
Batting: RHB Jorge Gonzáles 0-0: Called Strike
0-1: Ball
1-1: Ball
2-1: Ball
3-1: Fly out, F8 (Flyball, 8LD, EV 103.8 MPH)
Batting: RHB Andy Branch 0-0: Ball
1-0: Fly out, F8 (Flyball, 8RXD, EV 95.6 MPH)
Top of the 5th over - 0 runs, 0 hits, 0 errors, 0 left on base; Tri-City 4 - Hillsboro 2
BOTTOM OF THE 5TH
Hillsboro Hops batting - Pitching for Tri-City Dust Devils : RHP Luis Palácios
Batting: RHB Vern Humphrey 0-0: Hit by Pitch
Batting: RHB José Elrayes 0-0: Called Strike
0-1: Bunted foul
0-2: Ball
1-2: Ball
2-2: Foul Ball, location: 23F
2-2: 2-RUN HOME RUN (Flyball, 7LD, EV 100.6 MPH), Distance : 390 ft
Batting: RHB Rod Stephens 0-0: Fly out, F4 (Popup, 4MS, EV 68.8 MPH)
Batting: LHB Jorge Pérez 0-0: Foul Ball, location: 7LSF
0-1: Called Strike
0-2: Ball
1-2: Ball
2-2: Ball
3-2: Base on Balls
Batting: RHB Héctor González 0-0: Called Strike
0-1: Swinging Strike
0-2: Foul Ball, location: 9LSF
0-2: Ball
1-2: SINGLE (Groundball, 4MD, EV 104.4 MPH)
Jorge Pérez to second
Jorge Pérez to third
Batting: LHB Dan Stone 0-0: Called Strike
0-1: Ball
1-1: Ball
2-1: Ball
3-1: Base on Balls
Héctor González to second
Batting: LHB Eric Merritt 0-0: Ball
1-0: Foul Ball, location: 7LMF
1-1: Ball
2-1: Ball
3-1: Base on Balls
Jorge Pérez scores
Héctor González to third
Dan Stone to second
Pitching: RHP Augusto Soto
Batting: SHB José Alarcon 0-0: Foul Ball, location: 2F
0-1: Foul Ball, location: 5F
0-2: Ball
1-2: Foul Ball, location: 7LDF
1-2: Grounds into fielders choice 6-2 (Groundball, 6, EV 82.5 MPH)
Dan Stone to third
Eric Merritt to second
Batting: RHB Gus Moore 0-0: Ball
1-0: Ball
2-0: Called Strike
2-1: Ball
3-1: SINGLE (Groundball, 23, EV 64.4 MPH) (infield hit)
Dan Stone scores
Eric Merritt to third
José Alarcon to second
Batting: RHB Vern Humphrey 0-0: Ball
1-0: Ground out 6-3 (Groundball, 4MS, EV 77.5 MPH)
Bottom of the 5th over - 4 runs, 3 hits, 0 errors, 3 left on base; Tri-City 4 - Hillsboro 6
TOP OF THE 6TH
Tri-City Dust Devils batting - Pitching for Hillsboro Hops : RHP Ed Baldwin
Batting: LHB David Pérez 0-0: Swinging Strike
0-1: Ball
1-1: Called Strike
1-2: Strikes out swinging
Batting: RHB Sergio Jiménez 0-0: Called Strike
0-1: Ground out U3 (Groundball, 3S, EV 82.5 MPH)
Batting: RHB Luis Jiménez 0-0: Called Strike
0-1: Foul Ball, location: 5FF
0-2: Strikes out swinging
Top of the 6th over - 0 runs, 0 hits, 0 errors, 0 left on base; Tri-City 4 - Hillsboro 6
BOTTOM OF THE 6TH
Hillsboro Hops batting - Pitching for Tri-City Dust Devils : RHP Augusto Soto
Batting: RHB José Elrayes 0-0: Ball
1-0: Called Strike
1-1: Foul Ball, location: 25F
1-2: Strikes out swinging
Batting: RHB Rod Stephens 0-0: Ball
1-0: Ball
2-0: Ball
3-0: Called Strike
3-1: Base on Balls
Batting: LHB Jorge Pérez 0-0: Called Strike
0-1: Swinging Strike
0-2: Ball
Rod Stephens is caught stealing 2nd base 2-6
1-2: Foul Ball, location: 2F
1-2: Strikes out swinging
Bottom of the 6th over - 0 runs, 0 hits, 0 errors, 0 left on base; Tri-City 4 - Hillsboro 6
TOP OF THE 7TH
Tri-City Dust Devils batting - Pitching for Hillsboro Hops : RHP Ed Baldwin
Batting: RHB Gene Bryant 0-0: Ground out 5-3 (Groundball, 56, EV 104.4 MPH)
Batting: RHB Augusto Serna 0-0: Ball
1-0: Foul Ball, location: 23F
1-1: Called Strike
1-2: SINGLE (Groundball, 34, EV 109.4 MPH) (infield hit)
Batting: RHB Ángelo Hernández 0-0: Called Strike
0-1: Ball
1-1: Swinging Strike
1-2: Ball
2-2: Ball
3-2: Base on Balls
Augusto Serna to second
Pitching: LHP Jim Unknown
Batting: RHB Bill Swerdlow 0-0: Ball
1-0: Ball
2-0: Ball
3-0: Base on Balls
Augusto Serna to third
Ángelo Hernández to second
Batting: RHB Jorge Gonzáles 0-0: Foul Ball, location: 9LSF
0-1: Called Strike
0-2: Ball
1-2: Ball
2-2: Ball
3-2: Fly out, F4 (Popup, 4MS, EV 66.3 MPH)
Batting: RHB Andy Branch 0-0: Called Strike
0-1: Ball
1-1: Ball
2-1: Foul Ball, location: 9LSF
2-2: Foul Ball, location: 25F
2-2: SINGLE (Line Drive, 9S, EV 105.6 MPH)
Augusto Serna scores
Ángelo Hernández to third
Bill Swerdlow to second
Runner from 3rd tries for Home, SAFE, throw by RF to home
Batting: SHB Luis Medina 0-0: Called Strike
0-1: SINGLE (Line Drive, 78M, EV 103.8 MPH)
Bill Swerdlow to third
Andy Branch to second
Runner from 3rd tries for Home, SAFE, throw by CF to home
Batting: RHB Sergio Jiménez 0-0: Fly out, F5 (Popup, 5S, EV 78.8 MPH)
Top of the 7th over - 3 runs, 3 hits, 0 errors, 2 left on base; Tri-City 7 - Hillsboro 6
BOTTOM OF THE 7TH
Hillsboro Hops batting - Pitching for Tri-City Dust Devils : RHP Augusto Soto
Pinch Hitting: LHB Bob Burns 0-0: Foul Ball, location: 5FF
0-1: Ball
1-1: Ball
2-1: Foul Ball, location: 7LSF
2-2: Foul Ball, location: 25F
2-2: Ball
3-2: Ground out U3 (Groundball, 3, EV 106.3 MPH)
Pitching: LHP Robbie Walton
Pinch Hitting: RHB Alan O'Herlihy 0-0: Ball
1-0: Ball
2-0: Hit by Pitch
Batting: LHB Eric Merritt 0-0: Ball
1-0: Called Strike
1-1: Ball
2-1: Fly out, F7 (Flyball, 7D, EV 107.5 MPH)
Pitching: RHP Jon Fullerton
Batting: SHB José Alarcon 0-0: Called Strike
0-1: Ball
1-1: Swinging Strike
1-2: Ball
2-2: Ball
3-2: Strikes out swinging, 2-3 out at first.
Bottom of the 7th over - 0 runs, 0 hits, 0 errors, 1 left on base; Tri-City 7 - Hillsboro 6
TOP OF THE 8TH
Tri-City Dust Devils batting - Pitching for Hillsboro Hops : LHP Jim Unknown
Now at 3B: Gus Moore
Now at SS: Alan O'Herlihy
Now in LF: Eric Merritt
Now in RF: Bob Burns
Batting: RHB Luis Jiménez 0-0: Ball
1-0: Called Strike
1-1: Foul Ball, location: 9LSF
1-2: Strikes out looking
Batting: RHB Gene Bryant 0-0: Called Strike
0-1: Foul Ball, location: 23F
0-2: Ball
1-2: Ball
2-2: Ball
3-2: Base on Balls
Batting: RHB Augusto Serna 0-0: Called Strike
0-1: Ball
1-1: Foul Ball, location: 2F
1-2: Ball
2-2: Foul Ball, location: 9LDF
2-2: Fly out, F5 (Popup, 6S, EV 75.0 MPH)
Batting: RHB Ángelo Hernández 0-0: Ball
1-0: SINGLE (Line Drive, 34, EV 104.4 MPH)
Gene Bryant to second
Batting: RHB Bill Swerdlow 0-0: Ball
1-0: Ball
2-0: Called Strike
2-1: Foul Ball, location: 2F
2-2: Strikes out swinging
Top of the 8th over - 0 runs, 1 hit, 0 errors, 2 left on base; Tri-City 7 - Hillsboro 6
BOTTOM OF THE 8TH
Hillsboro Hops batting - Pitching for Tri-City Dust Devils : RHP Jon Fullerton
Batting: RHB Gus Moore 0-0: SINGLE (Line Drive, 89M, EV 103.8 MPH)
Pinch Hitting: LHB Nathanial Hudson 0-0: Grounds into double play, 4-6-3 (Groundball, 4MS, EV 81.9 MPH)
Batting: RHB José Elrayes 0-0: Ball
1-0: Ground out 6-3 (Groundball, 4MS, EV 81.9 MPH)
Bottom of the 8th over - 0 runs, 1 hit, 0 errors, 0 left on base; Tri-City 7 - Hillsboro 6
TOP OF THE 9TH
Tri-City Dust Devils batting - Pitching for Hillsboro Hops : LHP Jim Unknown
Now at C: Juan Gutiérrez
Batting: RHB Jorge Gonzáles 0-0: Ball
1-0: Ball
2-0: Swinging Strike
2-1: Swinging Strike
2-2: Ball
3-2: Base on Balls
Batting: RHB Andy Branch 0-0: Called Strike
0-1: Ball
1-1: Ball
2-1: Ball
3-1: Base on Balls
Jorge Gonzáles to second
Batting: SHB Luis Medina 0-0: Ball
1-0: Swinging Strike
1-1: Foul Ball, location: 2F
1-2: Strikes out swinging
Batting: RHB Sergio Jiménez 0-0: Called Strike
0-1: Called Strike
0-2: Foul Ball, location: 9LMF
0-2: Foul Ball, location: 9LMF
0-2: Foul Ball, location: 2F
0-2: Foul Ball, location: 2F
0-2: SINGLE (Line Drive, 9S, EV 105.0 MPH)
Jorge Gonzáles to third
Andy Branch to second
Batting: RHB Luis Jiménez 0-0: Ball
1-0: Foul Ball, location: 2F
1-1: DOUBLE (Groundball, 3D, EV 105.6 MPH)
Jorge Gonzáles scores
Andy Branch scores
Sergio Jiménez to third
Runner from 3rd tries for Home, SAFE, throw by RF to home
Pitching: RHP Jim Unknown
Batting: RHB Gene Bryant 0-0: Called Strike
0-1: SINGLE (Groundball, 56S, EV 64.4 MPH) (infield hit)
Luis Jiménez to third
Batting: RHB Augusto Serna 0-0: Swinging Strike
0-1: Called Strike
0-2: Ball
1-2: Ball
2-2: Foul Ball, location: 23F
2-2: Strikes out swinging
Batting: RHB Ángelo Hernández 0-0: Ball
1-0: Called Strike
1-1: DOUBLE (Line Drive, 78D, EV 103.1 MPH)
Luis Jiménez scores
Gene Bryant to third
Batting: RHB Bill Swerdlow 0-0: Fly out, F3 (Popup, 3, EV 74.4 MPH)
Top of the 9th over - 4 runs, 4 hits, 0 errors, 2 left on base; Tri-City 11 - Hillsboro 6
BOTTOM OF THE 9TH
Hillsboro Hops batting - Pitching for Tri-City Dust Devils : RHP Jon Fullerton
Batting: RHB Rod Stephens 0-0: Ball
1-0: SINGLE (Groundball, 6MD, EV 94.4 MPH)
Batting: LHB Jorge Pérez 0-0: Called Strike
0-1: Fly out, F4 (Flyball, 4D, EV 92.5 MPH)
Batting: LHB Bob Burns 0-0: Ball
1-0: Ball
2-0: Ball
3-0: Called Strike
3-1: Base on Balls
Rod Stephens to second
Batting: RHB Alan O'Herlihy 0-0: Grounds into double play, 6-4-3 (Groundball, 56, EV 84.4 MPH)
Bottom of the 9th over - 0 runs, 1 hit, 0 errors, 1 left on base; Tri-City 11 - Hillsboro 6
Wednesday, May 1st , 2024 - OOTP Baseball 24.10 Build 82